 Dungeon Crawl Stone Soup version 0.20-a0-839-gdaf5c57 (webtiles) character file.

15 4thArraOfDagon the Digger (level 2, 0/23 HPs)
             Began as a Demigod Wanderer on Mar 8, 2017.
             Killed from afar by Natasha (8 damage)
             ... with a magic dart
             ... on level 2 of the Dungeon.
             The game lasted 00:01:11 (217 turns).

4thArraOfDagon the Digger (Demigod Wanderer)         Turns: 217, Time: 00:01:12

Health: 0/23       AC:  8    Str: 13    XL:     2   Next: 21%
Magic:  7/7        EV: 10    Int: 19    God:
Gold:   21         SH:  0    Dex: 14    Spells: 4/4 levels left

rFire    . . .     SeeInvis .   l - +2 hand axe (elec)
rCold    . . .     Gourm    .   i - +0 ring mail
rNeg     + . .     Faith    .   (no shield)
rPois    .         Spirit   .   (no helmet)
rElec    .         Reflect  .   (no cloak)
rCorr    .         Harm     .   m - +2 pair of gloves
MR       .....                  (no boots)
Stlth    +.........             (no amulet)
Regen    0.1/turn               (no ring)
MPRegen  0.1/turn               k - ring of positive energy

@: slowed, very slow
A: high mp 1
a: no special abilities


You were on level 2 of the Dungeon.
You were not hungry.

You visited 1 branch of the dungeon, and saw 2 of its levels.

You collected 21 gold pieces.

Inventory:

Hand Weapons
 b - a +2 blowgun
 h - a +1 dagger of speed
 l - a +2 hand axe of electrocution (weapon)
Missiles
 a - 4 curare-tipped needles
Armour
 e - a +0 robe
 i - a +0 ring mail (worn)
 m - a +2 pair of gloves (worn)
Jewellery
 k - a ring of positive energy (left hand)
Scrolls
 g - 2 scrolls of identify {unknown}
 j - a scroll of magic mapping {unknown}
 n - 3 scrolls of enchant armour {unknown}
Books
 c - the Incunabulum of the Stars

   Spells                             Type                      Level
   a - Freeze                         Ice                          1
   b - Ozocubu's Armour               Charms/Ice                   3
 d - the Disquisition on Clay

   Spells                             Type                      Level
   a - Sandblast                      Earth                        1
   b - Stone Arrow                    Conjuration/Earth            3
Comestibles
 f - a bread ration


   Skills:
 + Level 1.5 Fighting
 * Level 0.5 Axes
 - Level 1.7 Throwing
 - Level 1.7 Spellcasting
   Level 1.0 Charms
   Level 1.7 Translocations
   Level 2.6 Earth Magic


You had 4 spell levels left.
You didn't know any spells.

Dungeon Overview and Level Annotations

Branches:
Dungeon (2/15)

Annotations:
D:2 Natasha


Innate Abilities, Weirdness & Mutations

You have an increased reservoir of magic. (+10% MP)


Message History

Natasha claws you but does no damage. Natasha claws you.
You are too injured to fight recklessly!
You are too injured to fight recklessly!
You are too injured to fight recklessly!
You closely miss Natasha.
Natasha is moderately wounded.
Natasha misses you. Natasha barely misses you.
Unknown command.
You barely miss Natasha.
Natasha is moderately wounded.
Natasha wildly gestures.
You feel troubled. Natasha claws you but does no damage. Natasha claws you.
Unknown command.
You aren't carrying any potions.
You closely miss Natasha.
Natasha is moderately wounded.
Natasha casts a spell at you. The magic dart hits you!
You die...

##########
##.........
##.#.######
##.###.## ##@##
##.## #h## ##.#
##.# ##..#
..###.#.#
.#.#.##.########
h##............#
.##..##.######.#
.........#####.#
.................##


You could see Natasha.

Vanquished Creatures
  An ooze (D:2)
  A dart slug (D:1)
  2 giant cockroaches
  A goblin (D:1)
  A hobgoblin (D:1)
  A bat (D:1)
  A kobold (D:1)
  A rat (D:1)
9 creatures vanquished.

Notes
Turn   | Place    | Note
-------+----------+-------------------------------------------
     0 | D:1      | 4thArraOfDagon the Demigod Wanderer began the quest for the Orb.
     0 | D:1      | 4thArraOfDagon set off with: 4 curare-tipped needles, a +2 blowgun, the Incunabulum of the Stars, the Disquisition on Clay, a +0 robe, a bread ration
     0 | D:1      | Reached XP level 1. HP: 14/14 MP: 5/5
     0 | D:1      | Identified the Incunabulum of the Stars
     0 | D:1      | Identified the Disquisition on Clay
    49 | D:1      | Reached skill level 1 in Fighting
   184 | D:2      | Reached XP level 2. HP: 17/23 MP: 7/7
   210 | D:2      | Noticed Natasha
   217 | D:2      | Killed from afar by Natasha

Vault maps used:
D:1:      saegor_arrival_simple_e
D:2:      lemuel_round_altar, first_bread, uniq_natasha

Skill      XL: |  1 |
---------------+----+-----
Fighting       | 1 |  1.5
Axes           | |  0.5
Throwing       | |  1.7
Spellcasting   | |  1.7
Charms         | |  1.0
Translocations | |  1.7
Earth Magic    | |  2.6

Action                   || total
-------------------------++-------
Melee: Dagger            ||    30
       Unarmed           ||     8
       Hand axe          ||    10
  Use: Potion            ||     1
Armor: Ring mail         ||     9
       Robe              ||     3
Dodge: Dodged            ||    21
